 Dungeon Crawl Stone Soup version 0.27.1-34-g3ba077fa99 (webtiles) character file.

Game seed: 2193974966596496763

543 EWolf27 the Digger (level 7, -3/40 HPs)
             Began as a Gargoyle Earth Elementalist on Jan 12, 2022.
             Was an Initiate of Makhleb.
             Slain by a gnoll sergeant (7 damage)
             ... on level 5 of the Dungeon.
             The game lasted 00:18:39 (6359 turns).

EWolf27 the Digger (Gargoyle Earth Elementalist)    Turns: 6359, Time: 00:18:40

Health: -3/40      AC:  8    Str: 11    XL:     7   Next: 27%
Magic:  8/12       EV: 11    Int: 18    God:    Makhleb [......]
Gold:   125        SH:  5    Dex: 10    Spells: 8/12 levels left

rFire    . . .     SeeInvis .   a - +0 morningstar
rCold    . . .     Faith    .   (no shield)
rNeg     + . .     Spirit   .   b - +0 robe
rPois    ∞         Reflect  +   v - +1 helmet
rElec    +         Harm     .   (no cloak)
rCorr    .         Rampage  .   (no gloves)
Will     .....                  (no boots)
Stlth    ++........             o - amulet of reflection
HPRegen  0.13/turn              (no ring)
MPRegen  0.13/turn              (no ring)

@: no status effects
A: sickness immunity, AC +4, negative energy resistance 1, electricity
resistance, torment resistance 1, petrification resistance
a: Renounce Religion


You were on level 5 of the Dungeon.
You worshipped Makhleb.
Makhleb was noncommittal.
You visited 2 branches of the dungeon, and saw 6 of its levels.

You collected 125 gold pieces.

Inventory:

Hand Weapons
 a - a +0 morningstar (weapon)
Missiles
 c - 39 stones
 t - 2 silver javelins
 u - 4 poisoned darts
 x - a throwing net
Armour
 b - a +0 robe (worn)
 q - a +0 tower shield
 v - a +1 helmet (worn)
Jewellery
 o - an amulet of reflection (around neck)
Scrolls
 d - a scroll of enchant armour {unknown}
 f - a scroll of teleportation
 g - a scroll of enchant weapon {unknown}
 i - a scroll of immolation {unknown}
 l - a scroll of identify
 m - 2 scrolls of amnesia {unknown}
 p - a scroll of noise {unknown}
 s - a scroll of vulnerability {unknown}
 w - a scroll of blinking {unknown}
Potions
 e - a potion of heal wounds {unknown}
 h - a potion of mutation {unknown}
 j - a potion of ambrosia {unknown}
 k - a potion of haste {unknown}
 n - 2 potions of brilliance
 r - 2 potions of attraction {unknown}


   Skills:
 - Level 2.0 Fighting
 * Level 4.4 Maces & Flails
 - Level 1.5 Dodging
 - Level 2.1 Stealth
 + Level 0.3 Shields
 + Level 3.4 Spellcasting
 * Level 2.9 Conjurations
 - Level 0.7 Transmutations
 + Level 5.3 Earth Magic


You had 8 spell levels left.
You knew the following spells:

 Your Spells              Type           Power      Damage    Failure   Level
a - Sandblast             Erth           44%        2d11      1%          1
b - Stone Arrow           Conj/Erth      34%        3d9       9%          3

Your spell library contained the following spells:

 Spells                   Type           Power      Damage    Failure   Level
 Passwall                 Tmut/Erth      10%        N/A       7%          2
 Slow                     Hex            3%         N/A       24%         2
 Petrify                  Tmut/Erth      13%        N/A       41%         4
 Confusing Touch          Hex            3%         N/A       43%         3
 Ozocubu's Armour         Ice            3%         N/A       43%         3
 Yara's Violent Unravell  Hex/Tmut       2%         3d3       98%         5
 Ozocubu's Refrigeration  Ice            1%         4d5       100%        7


Dungeon Overview and Level Annotations

Branches:
Dungeon (5/15)             Temple (1/1) D:4

Altars:
Ashenzari
Cheibriados
Elyvilon
Fedhas
Gozag
Kikubaaqudgha
Makhleb
Nemelex Xobeh
Okawaru
Qazlal
Ru
Sif Muna
Trog
Uskayaw
Vehumet
Wu Jian
Xom
Yredelemnul
Zin
The Shining One

Annotations:
D:5 1 transporter


Innate Abilities, Weirdness & Mutations

You are immune to sickness and miasma.
Your stone body is resilient. (AC +4)
You are immune to poison.
You resist negative energy. (rN+)
You are resistant to electric shocks. (rElec)
You are resistant to unholy torment.
You are immune to petrification.


Message History

Aim: a gnoll sergeant, wielding a +2 trident of freezing and wearing a +0 ring mail (86% to hit)
The blast of sand hits the gnoll sergeant but does no damage.
The gnoll sergeant barely misses you.
Aiming: Sandblast (safe; 1% risk of failure)
Press: ? - help, Q - select action, (/) - cycle Shift-Dir - straight line, f/p - gnoll sergeant
Aim: a gnoll sergeant, wielding a +2 trident of freezing and wearing a +0 ring mail (86% to hit)
The blast of sand hits the gnoll sergeant.
The gnoll sergeant is lightly wounded.
The gnoll sergeant hits you but does no damage.
Aiming: Sandblast (safe; 1% risk of failure)
Press: ? - help, Q - select action, (/) - cycle Shift-Dir - straight line, f/p - gnoll sergeant
Aim: a gnoll sergeant, wielding a +2 trident of freezing and wearing a +0 ring mail (lightly wounded, 86% to hit)
The blast of sand hits the gnoll sergeant.
The gnoll sergeant is lightly wounded.
The gnoll sergeant barely misses you.
Aiming: Sandblast (safe; 1% risk of failure)
Press: ? - help, Q - select action, (/) - cycle Shift-Dir - straight line, f/p - gnoll sergeant
Aim: a gnoll sergeant, wielding a +2 trident of freezing and wearing a +0 ring mail (lightly wounded, 86% to hit)
The blast of sand hits the gnoll sergeant.
The gnoll sergeant is moderately wounded.
You block the gnoll sergeant's attack.
Aiming: Sandblast (safe; 1% risk of failure)
Press: ? - help, Q - select action, (/) - cycle Shift-Dir - straight line, f/p - gnoll sergeant
Aim: a gnoll sergeant, wielding a +2 trident of freezing and wearing a +0 ring mail (moderately wounded, 86% to hit)
The blast of sand hits the gnoll sergeant.
The gnoll sergeant is moderately wounded.
The gnoll sergeant hits you from afar with a +2 trident of freezing!
* * * LOW HITPOINT WARNING * * *
The gnoll sergeant freezes you.
* * * LOW HITPOINT WARNING * * *
You see here an adder corpse.
There is a sacrificial altar of Ru here.
The gnoll sergeant hits you from afar with a +2 trident of freezing.
* * * LOW HITPOINT WARNING * * *
The gnoll sergeant freezes you.
* * * LOW HITPOINT WARNING * * *
Found 25 arrows.
The gnoll sergeant barely misses you.
There is a stone staircase leading up here.
The gnoll sergeant hits you from afar with a +2 trident of freezing!
You die...

#.####.####.#.#######
#.#.......#.#.......#
#.#.##.##.#.#.......#
##.#.#...#.#.#.......#
......†_.............#
.#.#.#...#.#.#.g.....##########
.#.#.##.##.#.#.g..)....)).....###
.#.#.......#.#........#######....
.#.####.####.#..@..#### #####
.#.. ... ..#####.# ○○○ .### #.#
### #..# ○.° .# ... ##... #.# .#
..©# .!© .# ...#( #.# .# ...#○
☼.○ °○° ####


You could see a gnoll sergeant and a gnoll.

Vanquished Creatures
  An ogre (D:4)
  2 water moccasin skeletons (D:4)
  2 bullfrog zombies (D:5)
  A hound (D:4)
  Jessica (D:3)
  An iguana (D:4)
  A hound skeleton (D:4)
  A howler monkey zombie (D:5)
  6 gnolls (D:5)
  5 adders
  An ufetubus (D:4)
  An adder skeleton (D:4)
  2 worms
  2 dart slugs (D:1)
  6 orcs
  2 endoplasms
  2 giant cockroaches
  3 goblins
  7 hobgoblins
  5 jackals (D:1)
  10 ball pythons
  10 bats
  4 kobolds
  4 rats
80 creatures vanquished.

Notes
Turn   | Place    | Note
-------+----------+-------------------------------------------
     0 | D:1      | EWolf27 the Gargoyle Earth Elementalist began the quest for
                  | the Orb.
     0 | D:1      | Reached XP level 1. HP: 10/10 MP: 3/3
   269 | D:1      | Reached XP level 2. HP: 14/16 MP: 5/5
   317 | D:1      | Reached skill level 4 in Earth Magic
   626 | D:1      | Reached skill level 1 in Maces & Flails
   873 | D:1      | Reached XP level 3. HP: 17/20 MP: 6/6
   921 | D:1      | Learned a level 3 spell: Stone Arrow
  1386 | D:2      | Found a faded altar of an unknown god.
  1419 | D:2      | Reached skill level 1 in Fighting
  1963 | D:2      | Reached XP level 4. HP: 16/25 MP: 5/7
  3331 | D:3      | Noticed Jessica
  3354 | D:3      | Killed Jessica
  3355 | D:3      | Reached skill level 1 in Conjurations
  3564 | D:4      | HP: 1/25 [iguana (12)]
  3567 | D:4      | Reached XP level 5. HP: 2/29 MP: 0/9
  4843 | D:4      | Reached skill level 5 in Earth Magic
  4843 | D:4      | Reached XP level 6. HP: 30/34 MP: 4/10
  5380 | D:4      | Found a faded altar of an unknown god.
  5380 | D:4      | Found a faded altar of an unknown god.
  5387 | D:4      | Found a shimmering blue altar of Sif Muna.
  5389 | D:4      | Found a broken altar of Ashenzari.
  5391 | D:4      | Found a burning altar of Makhleb.
  5397 | D:4      | Became a worshipper of Makhleb the Destroyer
  5850 | D:4      | Found a staircase to the Ecumenical Temple.
  5862 | Temple   | Entered the Ecumenical Temple
  6042 | D:5      | Entered Level 5 of the Dungeon
  6042 | D:5      | Found a transporter.
  6096 | D:5      | Reached XP level 7. HP: 40/40 MP: 12/12
  6277 | D:5      | Found a sacrificial altar of Ru.
  6359 | D:5      | Slain by a gnoll sergeant

Illustrated notes

Levels and vault maps discovered:
D:1:      minmay_arrival_open_corners, layout_basic
D:2:      layout_loops_ring, dreamdust_ecumenical_altar_hidden_monk_grotto
D:3:      layout_basic, uniq_jessica
D:4:      minmay_spotlight, layout_cave_pods,
          chequers_temple_overflow_minitemple,
          minmay_temple_entry_statues_pillars
D:5:      gammafunk_cloud_chamber, layout_basic,
          nicolae_ru_sacrificial_ziggurat, nicolae_overflow_crystal_walls,
          st_stairs_6
Temple:   nicolae_temple_elliptical

Skill      XL: |  1  2  3  4  5  6  7 |
---------------+----------------------+-----
Earth Magic    | 4 5 |  5.3
Maces & Flails | 1 2 3 4 |  4.4
Fighting       | 1 2 |  2.0
Conjurations   | 1 2 |  2.9
Spellcasting   | 3 |  3.4
Dodging        | |  1.5
Stealth        | |  2.1
Shields        | |  0.3
Transmutations | |  0.7

Action                   |  1- 3 |  4- 6 |  7- 9 || total
-------------------------+-------+-------+-------++-------
Melee: Mace              |    59 |    71 |       ||   130
       Morningstar       |       |    34 |    20 ||    54
Throw: Javelin           |       |     1 |       ||     1
 Cast: Sandblast         |    20 |    40 |    13 ||    73
  Use: Scroll            |       |     3 |       ||     3
 Stab: Sleeping          |     4 |     1 |       ||     5
Armor: Robe              |    20 |    44 |    11 ||    75
Dodge: Dodged            |    51 |    79 |    21 ||   151
Block: Other             |       |    12 |     8 ||    20
